 Dungeon Crawl Stone Soup version 0.17-a0-1646-geb1493d (console) character file.

112499 Monkaria the Eclecticist (level 16, -8/70 HPs)
             Began as a Deep Elf Conjurer on Aug 9, 2015.
             Was a High Priest of Vehumet.
             Mangled by a storm dragon simulacrum (11 damage)
             ... on level 2 of the Abyss.
             The game lasted 02:41:04 (41529 turns).

Monkaria the Eclecticist (Deep Elf Conjurer)       Turns: 41529, Time: 02:41:04

Health: -8/70      AC: 20    Str:  7    XL:     16   Next: 11%
Magic:  23/49      EV: 19    Int: 33    God:    Vehumet [*****.]
Gold:   1689       SH:  0    Dex: 14    Spells: 13 memorised, 13 levels left

rFire  . . .     SeeInvis .     u - +1 scimitar (flame)
rCold  + . .     Clarity  +     i - +1 leather armour {rC+}
rNeg   + . .     SustAt   .     (no shield)
rPois  +         Gourm    .     f - +0 helmet of Sorcery {rCorr Int+5}
rElec  .         Spirit   .     r - +2 cloak
rCorr  +         Warding  +     e - +2 pair of gloves
rMut   .         Stasis   .     n - +1 pair of boots
MR     +....                    I - amulet of warding
Stlth  ++........               J - ring of poison resistance
                                s - ring of magical power

@: delayed fireball, repel missiles, somewhat resistant to hostile enchantments,
unstealthy
A: rough black scales 1, clarity, frail 2, shaggy fur 1, strong 1, MP-powered
wands
a: Renounce Religion, Release Delayed Fireball


You were on level 2 of the Abyss.
You worshipped Vehumet.
Vehumet was extremely pleased with you.
You were not hungry.

You visited 3 branches of the dungeon, and saw 23 of its levels.
You visited the Abyss 1 time.
You also visited: Labyrinth, Sewer and Ice Cave.

You collected 2122 gold pieces.
You spent 433 gold pieces at shops.

Inventory:

Hand weapons
 u - a +1 scimitar of flaming (weapon)
Armour
 e - a +2 pair of gloves (worn)
 f - the +0 helmet of Sorcery (worn) {rCorr Int+5}
   (You found it on level 1 of the Lair of Beasts)

   It affects your intelligence (+5).
   It protects you from acid and corrosion.
 i - a +1 leather armour of cold resistance (worn)
 n - a +1 pair of boots (worn)
 r - a +2 cloak (worn)
Magical staves
 p - an uncursed staff of fire
Rods
 a - a +2 rod of ignition (13/13)
   (You took it off a minotaur in a labyrinth)
Jewellery
 s - a ring of magical power (left hand)
 C - a +4 ring of protection
 I - an amulet of warding (around neck)
 J - a ring of poison resistance (right hand)
 U - an uncursed ring of see invisible
Magical devices
 t - a wand of draining (2)
 v - a wand of cold (5)
 L - a wand of lightning (6)
Scrolls
 d - 5 scrolls of remove curse
 l - 8 scrolls of fog
 q - 2 scrolls of blinking
 z - a scroll of identify
 B - 2 scrolls of summoning
 K - 2 scrolls of magic mapping
 R - 7 scrolls of teleportation
 Z - 3 scrolls of fear
Potions
 g - 6 potions of curing
 j - 3 potions of agility
 m - 4 potions of brilliance
 o - 3 potions of haste
 w - 3 potions of might
 x - a potion of magic {unknown}
 E - 3 potions of invisibility
 G - a potion of lignification
 T - 3 potions of cancellation
Miscellaneous
 b - a disc of storms
 y - a lamp of fire
Comestibles
 c - 16 bread rations


   Skills:
 - Level 6.0 Fighting
 - Level 7.0 Armour
 - Level 13.0 Dodging
 - Level 2.4 Stealth
 + Level 18.3 Spellcasting
 - Level 17.2 Conjurations
 - Level 7.0 Charms
 - Level 7.0 Necromancy
 - Level 7.1 Fire Magic
 - Level 8.0 Evocations


You had 13 spell levels left.
You knew the following spells:

 Your Spells              Type           Power        Failure   Level  Hunger
a - Magic Dart            Conj           ####         0%          1    None
b - Searing Ray           Conj           ######       0%          2    None
c - Iskenderun's Mystic   Conj           #######.     0%          4    None
d - Regeneration          Chrm/Necr      ######....   1%          3    None
e - Iskenderun's Battles  Conj/Chrm      #######.     1%          5    None
f - Conjure Flame         Conj/Fire      #######.     1%          3    None
g - Mephitic Cloud        Conj/Pois/Air  ######..     1%          3    None
h - Sublimation of Blood  Necr           ######....   1%          2    None
i - Sticky Flame          Conj/Fire      #######.     1%          4    None
j - Swiftness             Chrm/Air       ######..     1%          2    None
k - Repel Missiles        Chrm/Air       ######       1%          2    None
l - Delayed Fireball      Conj/Fire      N/A          3%          7    ###....
m - Fireball              Conj/Fire      #######...   1%          5    None


Dungeon Overview and Level Annotations

Branches:
Dungeon (14/15)            Temple (1/1) D:5            Lair (8/8) D:8
  Swamp (0/4) Lair:6        Snake (0/4) Lair:4        Slime (0/6) Lair:6
    Orc (0/4) D:9
 Vaults: D:13-14

Altars:
Ashenzari
Cheibriados
Dithmenos
Elyvilon
Fedhas
Gozag
Kikubaaqudgha
Makhleb
Nemelex Xobeh
Okawaru
Qazlal
Ru
Sif Muna
Trog
Vehumet
Xom
Yredelemnul
Zin
The Shining One
Jiyva

Shops:
D:11 ?(

Annotations:
D:13 Azrael, Louise


Innate Abilities, Weirdness & Mutations

You are partially covered in rough black scales (AC +4, Dex -1).
You possess an exceptional clarity of mind.
You are very frail (-20% HP).
You are covered in fur (AC +1).
Your muscles are strong. (Str +2)
You expend magic power (3 MP) to strengthen your wands.


Message History

The sticky flame hits the storm dragon simulacrum.
The storm dragon simulacrum melts!
The storm dragon simulacrum is covered in liquid flames!
The storm dragon simulacrum burns!
The storm dragon simulacrum bites you.
The storm dragon simulacrum freezes you!
You resist.
* * * LOW HITPOINT WARNING * * *
The storm dragon simulacrum claws you.
* * * LOW HITPOINT WARNING * * *
The storm dragon simulacrum freezes you!!
You resist.
* * * LOW HITPOINT WARNING * * *
The storm dragon simulacrum misses you.
Drink which item? (? for menu, Esc to quit)
You feel better.
The storm dragon simulacrum burns!
The storm dragon simulacrum bites you!
* * * LOW HITPOINT WARNING * * *
The storm dragon simulacrum freezes you!
You resist.
You die...

.#.# ...#
###### ##
#.#...#.#
#.#.#..#
####Z##.#.##
#
##..#.##.Z#
#.##.# ##Z##
##
#.#####.@#
#. .## ##.#
# #..# .##
...## ..
....#.# ###
. ##


You could see a storm dragon simulacrum (burning) and a dire elephant zombie.

Vanquished Creatures
  Rupert (Lair:8)
  A lich (Abyss:2)
  A tentacled starspawn (Abyss:2)
  Kirke (D:13)
  A frost giant (IceCv)
  A dire elephant (Lair:7)
  Snorg (D:14)
  A green death (Abyss:2)
  A minotaur (Lab)
  11 hydras
  A catoblepas (Lair:5)
  A naga warrior (Lair:4)
  A centaur warrior (D:13)
  2 tengu warriors (D:13)
  3 death yaks (IceCv)
  The ghost of runewalsh the Frost Mage, a powerful OpIE of Sif Muna (D:10)
  2 ice statues
  2 hill giants
  An unseen horror (D:13)
  Pikel (D:4)
  A hornet (Lair:7)
  4 griffons
  A wolf spider (Lair:8)
  A manticore (D:13)
  A frost giant zombie (Abyss:2)
  2 ugly things (D:12)
  2 cyclopes
  A worldbinder (Abyss:2)
  A guardian serpent (Lair:7)
  2 centaur zombies
  19 black mambas
  Joseph (D:10)
  39 elephants
  18 spiny frogs
  6 komodo dragons
  An efreet (D:13)
  8 fire drakes
  5 starcursed masses (Abyss:2)
  9 trolls
  2 two-headed ogres
  Grinder (D:3)
  12 polar bears
  8 slime creatures
  A boulder beetle (Lair:6)
  23 blink frogs
  48 yaks
  A redback (Lair:7)
  10 wyverns
  A shadow (D:11)
  2 ynoxinuls (Abyss:2)
  5 hogs (D:13)
  A human (D:9)
  12 basilisks
  3 fire elementals (D:13)
  2 steam dragons
  A basilisk (shapeshifter) (D:13)
  A neqoxec (Abyss:2)
  A chaos spawn (Abyss:2)
  14 hippogriffs
  3 hungry ghosts
  4 vampire mosquitoes (D:13)
  A small abomination (Abyss:2)
  20 wolves
  3 swamp worms (Lair:6)
  A mottled dragon (D:13)
  2 wargs (D:8)
  28 water moccasins
  6 hell hounds
  21 porcupines
  2 sky beasts (D:11)
  3 large abominations
  A black bear (D:8)
  13 ice beasts
  7 orc warriors
  A necrophage (D:8)
  A phantom (D:12)
  3 wasps
  7 ogres
  4 spiders (Lair:8)
  19 crocodiles
  A big kobold (D:13)
  The ghost of Harvey99999 the Skirmisher, an average GrFi of Fedhas (D:3)
  28 giant frogs
  6 centaurs
  A gnoll sergeant (D:11)
  8 scorpions
  2 spriggan skeletons (Lab)
  9 wights (D:6)
  6 crimson imps
  6 hounds
  8 jellies
  2 giant frog zombies
  10 iguanas
  8 orc priests
  5 centaur skeletons
  An iron imp (Abyss:2)
  7 giant frog skeletons
  2 hell rats (Lair:4)
  5 quasits
  A killer bee zombie (D:9)
  9 orc wizards
  14 worker ants
  27 sheep
  An ogre skeleton (Lab)
  A hound skeleton (D:6)
  A worker ant zombie (D:11)
  3 gnolls (D:11)
  27 adders
  105 river rats
  3 shadow imps
  2 white imps (Abyss:2)
  7 oozes (Sewer)
  2 adder skeletons (D:4)
  3 adder zombies
  4 worms
  16 giant geckos
  57 orcs
  7 ball pythons
  8 bats
  11 giant cockroaches
  11 goblins
  8 hobgoblins
  7 jackals
  A giant gecko skeleton (D:5)
  7 giant newts
  A jackal skeleton (D:7)
  14 kobolds
  3 quokkas
  A quokka skeleton (D:9)
  23 rats
  5 fungi
  4 plants
  A starspawn tentacle (Abyss:2)
967 creatures vanquished.

Vanquished Creatures (others)
  An unseen horror (D:11)
  A hog (D:13)
  60 fungi
  53 plants
  5 starspawn tentacles (Abyss:2)
  62 starspawn tentacle segments (Abyss:2)
182 creatures vanquished.

Grand Total: 1149 creatures vanquished

Notes
Turn   | Place    | Note
--------------------------------------------------------------
     0 | D:1      | Monkaria the Deep Elf Conjurer began the quest for the Orb.
     0 | D:1      | Reached XP level 1. HP: 10/10 MP: 6/6
   482 | D:1      | Reached XP level 2. HP: 12/15 MP: 6/8
   538 | D:1      | Reached skill level 5 in Conjurations
   888 | D:2      | Learned a level 2 spell: Searing Ray
  1034 | D:2      | Reached XP level 3. HP: 17/19 MP: 4/9
  1254 | D:2      | Found a white marble altar of Elyvilon.
  1534 | D:2      | Found a deep blue altar of Sif Muna.
  1614 | D:2      | Reached skill level 6 in Conjurations
  1817 | D:2      | You fall through a shaft for 2 floors!
  1817 | D:4      | Noticed a slave
  1831 | D:4      | Noticed an ogre
  1848 | D:5      | Entered Level 5 of the Dungeon
  1861 | D:5      | Reached XP level 4. HP: 16/24 MP: 0/10
  2081 | D:5      | Reached skill level 7 in Conjurations
  2081 | D:5      | Reached XP level 5. HP: 21/28 MP: 3/11
  2191 | D:5      | Noticed a scorpion
  2198 | D:5      | Killed a scorpion
  2423 | D:5      | Noticed a scorpion
  2431 | D:5      | Killed a scorpion
  2431 | D:5      | Reached skill level 8 in Conjurations
  2431 | D:5      | Reached XP level 6. HP: 32/32 MP: 4/12
  2445 | D:5      | Found a staircase to the Ecumenical Temple.
  2467 | Temple   | Entered the Ecumenical Temple
  2681 | D:5      | Noticed a scorpion
  2685 | D:5      | Killed a scorpion
  2697 | D:5      | Learned a level 4 spell: Iskenderun's Mystic Blast
  2701 | D:5      | Learned a level 3 spell: Regeneration
  2705 | D:5      | Noticed an ice beast
  2710 | D:5      | Killed an ice beast
  2710 | D:5      | Reached skill level 9 in Conjurations
  2860 | D:5      | Noticed an ogre
  2864 | D:5      | Killed an ogre
  2864 | D:5      | Reached XP level 7. HP: 32/36 MP: 9/15
  3244 | D:4      | Reached skill level 5 in Spellcasting
  3275 | D:4      | Noticed an ogre
  3284 | D:4      | Killed an ogre
  3378 | D:4      | Got a steaming copper ring
  3850 | D:4      | Noticed Pikel
  3850 | D:4      | Noticed a slave
  3852 | D:4      | Noticed a slave
  3869 | D:4      | Noticed a slave
  3872 | D:4      | Killed Pikel
  3872 | D:4      | Reached XP level 8. HP: 13/41 MP: 9/23
  4020 | D:4      | Killed an ogre
  4020 | D:4      | Reached skill level 10 in Spellcasting
  4433 | D:3      | Found a glowing golden altar of the Shining One.
  4463 | D:3      | Noticed Harvey99999's ghost (average GrFi)
  4470 | D:3      | Killed Harvey99999's ghost
  4540 | D:3      | Found a glowing drain.
  4553 | Sewer    | Entered a sewer
  4560 | Sewer    | Identified the ring "Laumofez" {rC- MR+ Dex+3 Slay+3} (You found it on level 4 of the Dungeon)
  4961 | Sewer    | Reached skill level 5 in Dodging
  5268 | D:3      | Found a faded altar to an unknown god.
  5321 | D:3      | Found a bloodstained altar of Trog.
  5507 | D:3      | Found a shadowy altar of Dithmenos.
  5508 | D:3      | Noticed Grinder
  5554 | D:3      | Paralysed by Grinder for 5 turns
  5565 | D:3      | Killed Grinder
  5565 | D:3      | Reached XP level 9. HP: 16/45 MP: 11/25
  6494 | D:5      | Learned a level 5 spell: Iskenderun's Battlesphere
  7091 | D:6      | Found a stormy altar of Qazlal.
  7684 | D:6      | Reached skill level 10 in Dodging
  8248 | D:7      | Noticed a centaur zombie
  8274 | D:7      | HP: 1/45 [orc priest/divine providence (12)]
  8438 | D:6      | Reached skill level 11 in Dodging
  8713 | D:7      | Found a shattered altar of Ashenzari.
  8815 | D:7      | Killed a centaur zombie
  8818 | D:7      | Reached skill level 12 in Dodging
  8818 | D:7      | Reached XP level 10. HP: 17/50 MP: 7/26
  9399 | D:7      | Noticed an ice statue
  9641 | D:7      | Killed an ice statue
  9641 | D:7      | Reached skill level 10 in Conjurations
 10437 | D:8      | Found a staircase to the Lair.
 10596 | D:8      | Reached skill level 1 in Charms
 11590 | D:9      | Reached skill level 5 in Charms
 11658 | D:9      | Found a radiant altar of Vehumet.
 11669 | D:9      | Became a worshipper of Vehumet
 11688 | D:9      | Found a blossoming altar of Fedhas.
 11743 | D:9      | Found an iron altar of Okawaru.
 11890 | D:9      | Found a snail-covered altar of Cheibriados.
 11954 | D:9      | Reached skill level 1 in Fighting
 12341 | D:9      | Found a staircase to the Orcish Mines.
 12450 | D:9      | Found a shimmering altar of Xom.
 12585 | Lair:1   | Entered Level 1 of the Lair of Beasts
 12636 | Lair:1   | Acquired Vehumet's first power
 12636 | Lair:1   | Offered knowledge of Freeze by Vehumet.
 12636 | Lair:1   | Reached XP level 11. HP: 49/60 MP: 8/27
 13332 | Lair:1   | Noticed an eight-headed hydra
 13342 | Lair:1   | Killed an eight-headed hydra
 13342 | Lair:1   | Reached skill level 5 in Fighting
 13487 | Lair:1   | Got a faintly humming helmet
 13498 | Lair:1   | Identified the cursed +0 helmet of Sorcery {rCorr Int+5} (You found it on level 1 of the Lair of Beasts)
 13727 | Lair:1   | Reached skill level 1 in Armour
 13924 | Lair:2   | Offered knowledge of Throw Frost by Vehumet.
 14919 | Lair:2   | Offered knowledge of Conjure Flame by Vehumet.
 14921 | Lair:2   | Reached skill level 5 in Evocations
 15420 | Lair:2   | Noticed a four-headed hydra
 15425 | Lair:2   | Killed a four-headed hydra
 15446 | Lair:2   | Acquired Vehumet's second power
 15697 | Lair:2   | Reached XP level 12. HP: 29/70 MP: 8/28
 16010 | Lair:2   | Learned a level 3 spell: Conjure Flame
 16046 | Lair:2   | Noticed a seven-headed hydra
 16055 | Lair:2   | Killed a seven-headed hydra
 16346 | Lair:2   | Offered knowledge of Mephitic Cloud by Vehumet.
 16352 | Lair:2   | Learned a level 3 spell: Mephitic Cloud
 16922 | Lair:3   | Reached skill level 13 in Conjurations
 16945 | Lair:3   | Noticed a seven-headed hydra
 16947 | Lair:3   | Killed a seven-headed hydra
 17719 | Lair:4   | Acquired Vehumet's third power
 18032 | Lair:3   | Offered knowledge of Irradiate by Vehumet.
 19280 | Lair:4   | Found a staircase to the Snake Pit.
 20062 | Lair:4   | Noticed a naga warrior
 20069 | Lair:4   | Killed a naga warrior
 20069 | Lair:4   | Reached XP level 13. HP: 72/74 MP: 12/32
 20849 | Lair:1   | Gained mutation: You have large cloven feet. [potion of mutation]
 20849 | Lair:1   | Gained mutation: You expend magic power (3 MP) to strengthen your wands. [potion of mutation]
 20849 | Lair:1   | Gained mutation: You evolve. [potion of mutation]
 21128 | Lair:5   | Reached skill level 5 in Armour
 21129 | Lair:5   | Found a frozen archway.
 21213 | IceCv    | Entered an ice cave
 21368 | IceCv    | Offered knowledge of Conjure Ball Lightning by Vehumet.
 21917 | IceCv    | Got a bloodstained rapier
 22008 | IceCv    | Lost mutation: You have large cloven feet. [evolution]
 22369 | IceCv    | Noticed a frost giant
 22374 | IceCv    | Identified the +7 rapier "Kanoreem" {flame, MP+9} (You found it in an ice cave)
 22379 | IceCv    | Learned a level 2 spell: Sublimation of Blood
 22466 | IceCv    | HP: 2/74 [frost giant/battleaxe of freezing (4)]
 22472 | IceCv    | Killed a frost giant
 22472 | IceCv    | Reached skill level 14 in Conjurations
 23259 | Lair:5   | Offered knowledge of Sticky Flame by Vehumet.
 23263 | Lair:5   | Reached skill level 15 in Conjurations
 23266 | Lair:5   | Reached XP level 14. HP: 65/80 MP: 2/33
 24540 | Lair:5   | Learned a level 4 spell: Sticky Flame
 24748 | Lair:6   | Found a staircase to the Swamp.
 25299 | Lair:6   | Reached skill level 16 in Conjurations
 26791 | Lair:6   | Found a staircase to the Slime Pits.
 26978 | Lair:6   | Got a steaming cloak
 27047 | Lair:6   | Identified the cursed +0 cloak "Gounlur" {*Corrode rCorr Str+5} (You found it on level 6 of the Lair of Beasts)
 27584 | Lair:1   | Learned a level 2 spell: Swiftness
 27587 | Lair:1   | Learned a level 2 spell: Repel Missiles
 27719 | Lair:5   | Gained mutation: You possess an exceptional clarity of mind. [evolution]
 28148 | Lair:6   | Found a staircase to the Slime Pits.
 28388 | Lair:6   | Found a staircase to the Swamp.
 28744 | Lair:7   | Reached skill level 17 in Conjurations
 29066 | Lair:7   | Reached skill level 1 in Necromancy
 29323 | Lair:7   | Offered knowledge of Delayed Fireball by Vehumet.
 29583 | Lair:7   | Reached skill level 5 in Necromancy
 30355 | Lair:7   | Learned a level 7 spell: Delayed Fireball
 30777 | Lair:8   | Entered Level 8 of the Lair of Beasts
 30823 | Lair:8   | Found a labyrinth entrance.
 30843 | Lab      | Entered a labyrinth
 31117 | Lab      | Gained mutation: You have an increased reservoir of magic (+10% MP). [evolution]
 31298 | Lab      | Reached skill level 1 in Fire Magic
 31301 | Lab      | Got a jewelled scale mail
 31311 | Lab      | Identified Asto's Handbook of Bewitchment
 31320 | Lair:8   | Identified a +2 rod of ignition (13/13) (You took it off a minotaur in a labyrinth)
 31562 | Lair:1   | Identified the cursed +0 scale mail "Jyozutab" {-Cast rC+++ Str-2 SInv} (You took it off a minotaur in a labyrinth)
 32343 | Lair:8   | Reached XP level 15. HP: 79/84 MP: 30/37
 32463 | Lair:7   | Reached skill level 5 in Fire Magic
 32753 | Lair:8   | Noticed Rupert
 33084 | Lair:8   | Killed Rupert
 33321 | Lair:7   | Offered knowledge of Iron Shot by Vehumet.
 34507 | D:10     | Entered Level 10 of the Dungeon
 34736 | D:10     | Noticed Joseph
 34753 | D:10     | Killed Joseph
 35036 | D:10     | Noticed runewalsh's ghost (powerful OpIE)
 35085 | D:10     | Killed runewalsh's ghost
 35473 | D:11     | Offered knowledge of Bolt of Cold by Vehumet.
 35501 | D:11     | Found Bot Kuoh's Magic Scroll Shop.
 35518 | D:11     | Bought a scroll of identify for 22 gold pieces
 35522 | D:11     | Bought a scroll of identify for 22 gold pieces
 35522 | D:11     | Bought a scroll of identify for 22 gold pieces
 35522 | D:11     | Bought a scroll of amnesia for 38 gold pieces
 35522 | D:11     | Bought 3 scrolls of teleportation for 99 gold pieces
 35522 | D:11     | Bought a scroll of fog for 22 gold pieces
 35522 | D:11     | Bought a scroll of recharging for 104 gold pieces
 35522 | D:11     | Bought a scroll of recharging for 104 gold pieces
 35755 | D:11     | Reached skill level 15 in Spellcasting
 36103 | D:11     | Found Haxo's Weapon Shop.
 36189 | D:11     | Gained mutation: You are frail (-10% HP). [mutagenic meat]
 36190 | D:11     | Lost mutation: You have an increased reservoir of magic (+10% MP). [mutagenic meat]
 36191 | D:11     | Gained mutation: You are partially covered in rough black scales (AC +4, Dex -1). [mutagenic meat]
 36193 | D:11     | Gained mutation: Your muscles are strong. (Str +2) [mutagenic meat]
 36780 | D:12     | Learned a level 5 spell: Fireball
 37487 | D:12     | Lost mutation: You evolve. [mutagenic meat]
 37488 | D:12     | Gained mutation: You are covered in fur (AC +1). [mutagenic meat]
 38163 | D:13     | Found a shadowy altar of Dithmenos.
 39381 | D:13     | Noticed Azrael
 39808 | D:13     | Offered knowledge of Bolt of Fire by Vehumet.
 39836 | D:13     | Noticed Kirke
 39857 | D:13     | Killed Kirke
 40088 | D:12     | You fall through a shaft for 2 floors!
 40366 | D:14     | Noticed Snorg
 40386 | D:14     | Killed Snorg
 40657 | D:14     | Noticed Louise
 40680 | D:13     | Cast into the Abyss (Louise)
 40733 | Abyss:1  | Gained mutation: You are very frail (-20% HP). [a neqoxec]
 40887 | Abyss:2  | Noticed a lich
 40895 | Abyss:2  | Killed a lich
 41169 | Abyss:2  | Reached XP level 16. HP: 63/70 MP: 39/39
 41177 | Abyss:2  | Noticed a tentacled starspawn
 41190 | Abyss:2  | Killed a tentacled starspawn
 41220 | Abyss:2  | Noticed a bone dragon
 41223 | Abyss:2  | Reached skill level 18 in Spellcasting
 41528 | Abyss:2  | HP: 2/70 [storm dragon simulacrum (18)]
 41529 | Abyss:2  | Mangled by a storm dragon simulacrum

Vault maps used:
D:1:      minmay_arrival_stair_chambers
D:2:      minmay_kobold_bridge, elyvilon_altar_5, led_sif_pool
D:3:      nicolae_overflow_crystal_walls, tso_oasis_becter, lemuel_round_altar,
          ecumenical_altar_1, portal_sewer_entry_c, uniq_grinder
D:4:      first_bread, uniq_pikel
D:5:      minmay_temple_entry_glassed_door
D:6:      nicolae_overflow_hidden_temple
D:7:      lemuel_ice_statue, lemuel_round_altar
D:8:      erik_lair_orcish_takeover
D:9:      overflow_temple_1_default, overflow_temple_1_default,
          vehumet_altar_wand_db, fedhas_altar_3, kennysheep_mini_moat,
          orc_0_dummy, grunt_pizzeria
D:10:     uniq_joseph
D:11:     serial_shops, kennysheep_little_box, nicolae_shop_stone,
          serial_park_tiny_pond
D:13:     st_stairs_5, grunt_dithmenos_smoke, uniq_azrael, uniq_kirke
D:14:     david_vaults_1, bh_walls_and_bars, uniq_louise, uniq_snorg
Temple:   pf_slimified_temple
Lair:2:   minmay_lair_venomous_thicket, serial_bayou_shore_a
Lair:4:   kennysheep_abandoned_house, minmay_snake_entry_six_corridors
Lair:5:   portal_ice_cave_entry_ice_beasts, infiniplex_staircase_pool_2
Lair:6:   beast_lair_carwin_large_3, minmay_swamp_entry_worms,
          dpeg_slime_entry_corner
Lair:7:   beast_lair_carwin_large_1, lemuel_fruit_tree
Lair:8:   hangedman_lair_tendril_chambers, lab_entry_generic,
          minmay_stone_trees_small, uniq_rupert
Abyss:1:  hangedman_decor_lopped
Abyss:2:  eino_small_chamber_without_monster
Lab:      labyrinth_spiral, nicolae_lab_garden
Sewer:    sewer_frog_island_02
IceCv:    ice_cave_caverns_01

Action                   |  1- 3 |  4- 6 |  7- 9 | 10-12 | 13-15 | 16-18 || total
-------------------------+-------+-------+-------+-------+-------+-------++-------
Melee: Unarmed           |     5 |     2 |     3 |     1 |       |       ||    11
       Staff             |       |       |       |    14 |    90 |       ||   104
       Scimitar          |       |       |       |       |       |     1 ||     1
 Cast: Magic Dart        |    82 |     9 |   215 |   325 |   101 |       ||   732
       Searing Ray       |     4 |    18 |    51 |   150 |   368 |     3 ||   594
       Iskenderun's Myst |       |       |    11 |   108 |   247 |    26 ||   392
       Iskenderun's Batt |       |       |     2 |    13 |    28 |     2 ||    45
       Regeneration      |       |       |     1 |     1 |     4 |     1 ||     7
       Conjure Flame     |       |       |       |       |     8 |       ||     8
       Sticky Flame      |       |       |       |       |   113 |     6 ||   119
       Mephitic Cloud    |       |       |       |       |     8 |       ||     8
       Sublimation of Bl |       |       |       |       |     2 |       ||     2
       Swiftness         |       |       |       |       |     2 |       ||     2
       Delayed Fireball  |       |       |       |       |     4 |       ||     4
       Repel Missiles    |       |       |       |       |     1 |       ||     1
 Abil: Release Delayed F |       |       |       |       |     3 |       ||     3
Evoke: Disc of storms    |       |       |       |       |     1 |       ||     1
       Rod               |       |       |       |       |     2 |       ||     2
  Use: Scroll            |     1 |       |     7 |    22 |    19 |     1 ||    50
       Potion            |       |       |     2 |     1 |     9 |     3 ||    15
  Eat: Chunk             |     3 |     3 |    18 |    30 |    65 |       ||   119
       Fruit             |       |     1 |       |       |       |       ||     1
       Beef jerky        |       |       |       |     1 |     2 |       ||     3
       Bread ration      |       |       |       |     1 |     2 |     1 ||     4
